 Dungeon Crawl Stone Soup version 0.21.0 (webtiles) character file.

29 loralnil the Conjurer (level 3, -2/19 HPs)
             Began as a Gargoyle Conjurer on Jan 7, 2018.
             Slain by a phantom (6 damage)
             ... on level 2 of the Dungeon.
             The game lasted 00:03:17 (943 turns).

loralnil the Conjurer (Gargoyle Conjurer)            Turns: 943, Time: 00:03:18

Health: -2/19      AC:  6    Str: 11    XL:     3   Next: 16%
Magic:  0/6        EV: 11    Int: 16    God:
Gold:   36         SH:  3    Dex: 10    Spells: 3/6 levels left

rFire    . . .     SeeInvis .   k - +0 mace
rCold    . . .     Gourm    .   j - +0 buckler
rNeg     + . .     Faith    .   a - +0 robe
rPois    ∞         Spirit   .   (no helmet)
rElec    +         Reflect  .   (no cloak)
rCorr    .         Harm     .   d - +0 pair of gloves
MR       .....                  (no boots)
Stlth    ++........             i - amulet of regeneration
HPRegen  0.46/turn              (no ring)
MPRegen  0.10/turn              (no ring)

@: no status effects
A: negative energy resistance 1, electricity resistance, unbreathing,
petrification resistance, rot immunity, AC +3
a: no special abilities


You were on level 2 of the Dungeon.
You were not hungry.

You visited 1 branch of the dungeon, and saw 2 of its levels.

You collected 36 gold pieces.

Inventory:

Hand Weapons
 k - a +0 mace (weapon)
Armour
 a - a +0 robe (worn)
 d - a +0 pair of gloves (worn)
 j - a +0 buckler (worn)
Jewellery
 i - an amulet of regeneration (around neck)
Scrolls
 e - a scroll of blinking {unknown}
 f - a scroll of amnesia {unknown}
 g - a scroll of teleportation
 h - a scroll of remove curse
 o - a scroll of random uselessness {unknown}
Potions
 m - a potion of flight
Books
 b - a book of Conjurations

   Spells                             Type                      Level
   a - Magic Dart                     Conjuration                  1
   b - Searing Ray                    Conjuration                  2
   c - Dazzling Spray                 Conjuration/Hexes            3
   d - Fulminant Prism                Conjuration/Hexes            4
   e - Force Lance                    Conjuration/Translocation    4
   f - Iskenderun's Mystic Blast      Conjuration                  4
Comestibles
 c - a ration


   Skills:
 + Level 1.6 Dodging
 + Level 2.4 Stealth
 + Level 0.5 Unarmed Combat
 + Level 2.4 Spellcasting
 + Level 5.0 Conjurations


You had 3 spell levels left.
You knew the following spells:

 Your Spells              Type           Power        Failure   Level  Hunger
a - Magic Dart            Conj           ###.         4%          1    #......
b - Searing Ray           Conj           ###...       6%          2    ###....


Dungeon Overview and Level Annotations

Branches:
Dungeon (2/15)

Altars:


Innate Abilities, Weirdness & Mutations

You are resistant to torment.
Your stone body is resilient. (AC +3)
You are immune to poison.
You resist negative energy. (rN+)
You are resistant to electric shocks. (rElec)
You can survive without breathing.
You are immune to petrification.
You are immune to rotting.


Message History

Aiming: Magic Dart
Press: ? - help, Shift-Dir - straight line, f/p - phantom
Aim: a phantom (severely damaged)
The magic dart hits the phantom.
The phantom is almost destroyed.
The phantom blinks!
You closely miss the phantom.
The phantom is almost destroyed.
The phantom completely misses you. The phantom hits you.
You closely miss the phantom.
The phantom is almost destroyed.
The phantom hits you.
You hit the phantom but do no damage.
The phantom is almost destroyed.
The phantom hits you! The phantom hits you.
* * * LOW HITPOINT WARNING * * *
You closely miss the phantom.
The phantom is almost destroyed.
The phantom hits you.
You die...

#........
####[.##
#........ ......#
#....?... .....#
#........
.....####...?....
#...............
#......#........
#.W......)......
#..@............
##.....).#.###...
#.......<#.# .
#........#.#
#..........#
#..........#
######+##..# ..#
..#


You could see a phantom.

Vanquished Creatures
  2 oozes (D:1)
  3 dart slugs (D:1)
  A leopard gecko (D:1)
  2 hobgoblins (D:2)
  3 bats (D:1)
  2 frilled lizards (D:1)
  2 kobolds
  A rat (D:1)
16 creatures vanquished.

Notes
Turn   | Place    | Note
-------+----------+-------------------------------------------
     0 | D:1      | loralnil the Gargoyle Conjurer began the quest for the Orb.
     0 | D:1      | Reached XP level 1. HP: 10/10 MP: 3/3
     6 | D:1      | Noticed a wolf
     6 | D:1      | Noticed a worker ant
     6 | D:1      | Noticed a wyvern
     7 | D:1      | Noticed a crocodile
     7 | D:1      | Noticed a water moccasin
   325 | D:1      | Reached XP level 2. HP: 8/15 MP: 0/5
   453 | D:1      | Learned a level 2 spell: Searing Ray
   701 | D:1      | Reached XP level 3. HP: 18/19 MP: 2/6
   872 | D:2      | Noticed a phantom
   872 | D:2      | Reached skill level 5 in Conjurations
   943 | D:2      | Slain by a phantom

Skill      XL: |  1  2  3 |
---------------+----------+-----
Conjurations   | 5 |  5.0
Dodging        | |  1.6
Stealth        | |  2.4
Unarmed Combat | |  0.5
Spellcasting   | |  2.4

Action                   || total
-------------------------++-------
Melee: Unarmed           ||    22
       Mace              ||    20
 Cast: Magic Dart        ||    34
       Searing Ray       ||     1
  Use: Scroll            ||     4
  Eat: Ration            ||     1
Armor: Robe              ||    12
Dodge: Dodged            ||    23
Block: Buckler           ||     1
